 Dungeon Crawl Stone Soup version 0.18-a0-1303-g41c131c (webtiles) character file.

10794 tof the Spear-Bearer (level 11, -3/150 (151) HPs)
             Began as a Minotaur Fighter on Feb 12, 2016.
             Was an Initiate of Ru.
             Slain by a wolf (4 damage)
             ... led by Grum
             ... on level 10 of the Dungeon.
             The game lasted 00:43:42 (11695 turns).

tof the Spear-Bearer (Minotaur Fighter)            Turns: 11695, Time: 00:43:42

HP:   -3/150 (151)  AC:  2    Str: 26    XL:     11   Next: 40%
MP:   10/10         EV: 12    Int:  5    God:    Ru [......]
Gold: 991           SH:  0    Dex: 13    Spells: 0 memorised, 10 levels left

rFire  . . .     SeeInvis .     E - +0 trident (flame)
rCold  . . .     Gourm    .     (no armour)
rNeg   . . .     Faith    .     (no shield)
rPois  +         Spirit   .     (helmet restricted)
rElec  .         Dismiss  .     (no cloak)
rCorr  .         Reflect  .     u - +0 pair of gloves
SustAt .         Harm     .     H - +0 pair of boots
MR     .....                    (no amulet)
Stlth  ..........               S - ring of poison resistance
                                k - ring of poison resistance

@: berserking, very quick, not resistant to hostile enchantments, extremely
unstealthy
A: retaliatory headbutt, horns 2, no stealth
a: Renounce Religion


You were on level 10 of the Dungeon.
You worshipped Ru.
Ru was noncommittal.
You were not hungry.

You visited 1 branch of the dungeon, and saw 11 of its levels.
You also visited: Bailey.

You collected 991 gold pieces.

Inventory:

Hand Weapons
 C - a +0 halberd
 E - a +0 trident of flaming (weapon)
Missiles
 P - 149 stones
 Q - 33 tomahawks of returning (quivered)
Armour
 c - a +0 shield
 g - a +0 plate armour
 u - a +0 pair of gloves (worn)
 w - a +2 chain mail of fire resistance
 H - a +0 pair of boots (worn)
Jewellery
 k - a ring of poison resistance (left hand)
 t - an uncursed ring of protection from cold
 O - an uncursed ring of flight
 S - a ring of poison resistance (right hand)
Wands
 e - a wand of random effects (22/48)
 z - a wand of paralysis (23/24)
 A - a wand of slowing (33/48)
 D - a wand of digging (15/24)
 F - a wand of confusion (20/48)
 I - a wand of disintegration (12/24)
 R - a wand of polymorph (13/24)
 U - a wand of flame (21/48)
 W - a wand of acid (5/15)
Scrolls
 h - 10 scrolls of teleportation
 j - 4 scrolls of remove curse
 l - 3 scrolls of recharging
 o - 2 scrolls of fog
 q - 3 scrolls of identify
 s - 2 scrolls of magic mapping
 v - a scroll of enchant armour {unknown}
 x - a scroll of immolation {unknown}
 y - a scroll of amnesia {unknown}
 J - a scroll of noise {unknown}
 Y - a scroll of blinking {unknown}
Potions
 b - a potion of cure mutation {unknown}
 d - 2 potions of might
 m - a potion of brilliance {unknown}
 n - a potion of agility {unknown}
 p - a potion of lignification {unknown}
 B - 4 potions of curing
 G - a potion of berserk rage
 K - a potion of invisibility {unknown}
 M - 3 potions of mutation {unknown}
 N - a potion of resistance {unknown}
 T - 2 potions of beneficial mutation {unknown}
 V - a potion of degeneration {unknown}
Comestibles
 f - 7 bread rations
 i - 6 meat rations
 r - 5 beef jerkies
 L - 2 slices of pizza


   Skills:
 + Level 10.7 Fighting
 * Level 13.8 Polearms
 + Level 4.6 Throwing
 + Level 10.9 Armour
 - Level 2.5 Dodging
 - Level 5.2 Shields


You had 10 spell levels left.
You didn't know any spells.

Dungeon Overview and Level Annotations

Branches:
Dungeon (11/15)            Temple (0/1) D:7            Lair (0/8) D:11
    Orc: D:9-12

Altars:
Cheibriados
Dithmenos
Elyvilon
Gozag
Kikubaaqudgha
Makhleb
Okawaru
Pakellas
Ru
Trog
Vehumet
Xom
Yredelemnul
Zin
The Shining One

Shops:
D:4 *

Annotations:
D:11 Grum


Innate Abilities, Weirdness & Mutations

You reflexively headbutt those who attack you in melee.
You have a pair of horns on your head.
You cannot be stealthy.


Message History

The wolf bites you!
* * * LOW HITPOINT WARNING * * *
The wolf bites you.
* * * LOW HITPOINT WARNING * * *
You see here a wolf corpse.
Drink which item? (? for menu, Esc to quit)
It was a potion of berserk rage.
A red film seems to cover your vision as you go berserk!
You feel yourself moving faster!
You feel mighty! The wolf completely misses you. The wolf bites you!
* * * LOW HITPOINT WARNING * * *
You puncture the wolf! You burn the wolf.
The wolf is severely wounded.
The wolf bites you.
* * * LOW HITPOINT WARNING * * *
The wolf bites you but does no damage.
You impale the wolf!! You burn the wolf.
You kill the wolf!
The wolf bites you.
You die...

.......#...###...#..##.#.####..##
#.....<#...###...#..##.#.# #....
#......................#.# #.##.
#................#.#####.####.###
#####....#####...................
.................#.#####.####.###
#####...........##.# #.# #....
###########h##.#####.# #.###
#.@........# #.#.. #.##.#######
#.### #.##.# #.### #.##.# #.((.
#.##.# #.### #.#### #.# # ### ###


You could see a wolf.

Vanquished Creatures
  A hill giant (D:11)
  3 orc knights (Bailey)
  Joseph (D:7)
  A centaur skeleton (D:11)
  5 trolls
  A two-headed ogre (D:11)
  A wraith (D:10)
  Eustachio (D:5)
  6 yaks (D:9)
  2 hippogriffs
  2 wolves (D:10)
  A mottled dragon (D:11)
  Edmund (D:5)
  Duvessa (D:4)
  2 water moccasins
  4 orc warriors
  3 ice beasts
  A sky beast (D:6)
  3 ogres
  A wasp (D:9)
  An eye of draining (D:10)
  3 necrophages
  3 phantoms
  7 centaurs
  A crocodile (D:10)
  2 giant frogs
  2 big kobolds (D:10)
  2 wyvern skeletons
  Dowan (D:4)
  3 scorpions
  4 wights (D:8)
  2 crimson imps
  A centaur zombie (D:7)
  3 giant frog zombies
  A jelly (D:3)
  A quasit (D:8)
  2 gnoll shamans (D:5)
  5 hounds
  13 orc wizards
  10 orc priests
  4 iguanas
  Natasha (thrice) (D:3)
  5 worker ants
  A hound zombie (D:10)
  A worker ant zombie (D:5)
  11 gnolls
  11 adders
  2 shadow imps
  An adder skeleton (D:8)
  5 worms
  6 giant geckos
  50 orcs
  A bat zombie (D:4)
  11 giant cockroaches
  14 goblins
  11 hobgoblins
  21 jackals
  4 quokkas
  3 ball pythons
  5 bats
  7 giant newts
  A jackal skeleton (D:5)
  32 kobolds
  8 rats
  3 rat zombies (D:4)
329 creatures vanquished.

Notes
Turn   | Place    | Note
--------------------------------------------------------------
     0 | D:1      | tof the Minotaur Fighter began the quest for the Orb.
     0 | D:1      | Reached XP level 1. HP: 19/19 MP: 0/0
   175 | D:1      | Reached XP level 2. HP: 27/27 MP: 1/1
   433 | D:1      | Reached skill level 4 in Shields
   608 | D:1      | Reached XP level 3. HP: 33/33 MP: 2/2
  1170 | D:2      | Reached XP level 4. HP: 32/40 MP: 3/3
  1336 | D:2      | Reached skill level 1 in Dodging
  1517 | D:3      | Noticed Natasha
  1530 | D:3      | Killed Natasha
  1552 | D:3      | Noticed Natasha
  1560 | D:3      | Killed Natasha
  1670 | D:3      | Noticed a phantom
  1703 | D:3      | Killed a phantom
  1703 | D:3      | Reached skill level 5 in Shields
  1703 | D:3      | Reached XP level 5. HP: 37/46 MP: 4/4
  1834 | D:3      | Noticed Natasha
  1847 | D:3      | Reached skill level 5 in Armour
  1856 | D:3      | Killed Natasha
  1880 | D:3      | Reached XP level 6. HP: 47/53 MP: 5/5
  1976 | D:3      | Reached skill level 1 in Stealth
  2215 | D:3      | Found a shadowy altar of Dithmenos.
  2541 | D:4      | Noticed Duvessa
  2541 | D:4      | Noticed Dowan
  2747 | D:4      | Reached skill level 5 in Fighting
  2748 | D:4      | Reached skill level 5 in Polearms
  2768 | D:4      | Killed Duvessa
  2768 | D:4      | Reached XP level 7. HP: 50/61 MP: 6/6
  2775 | D:4      | Killed Dowan
  2947 | D:4      | Reached skill level 6 in Polearms
  3108 | D:4      | Found an oddly glowing altar of Pakellas.
  3132 | D:4      | Found Gozag's Platinum Reserve.
  3134 | D:4      | Found an opulent altar of Gozag.
  3677 | D:4      | Found an ancient bone altar of Kikubaaqudgha.
  3766 | D:5      | Entered Level 5 of the Dungeon
  3774 | D:5      | Reached XP level 8. HP: 70/70 MP: 7/7
  3778 | D:5      | Found an ancient bone altar of Kikubaaqudgha.
  3809 | D:5      | Noticed Edmund
  3817 | D:5      | Killed Edmund
  3817 | D:5      | Reached skill level 7 in Polearms
  3862 | D:5      | Noticed Eustachio
  3875 | D:5      | Killed Eustachio
  4034 | D:5      | Reached skill level 8 in Polearms
  4461 | D:5      | Found a sacrificial altar of Ru.
  4584 | D:5      | Became a worshipper of Ru the Awakened
  4891 | D:6      | Found a white marble altar of Elyvilon.
  4898 | D:6      | Found a glowing golden altar of the Shining One.
  4899 | D:6      | Found a radiant altar of Vehumet.
  4899 | D:6      | Found a glowing silver altar of Zin.
  4978 | D:6      | Reached skill level 9 in Polearms
  5169 | D:6      | Reached XP level 9. HP: 77/79 MP: 8/8
  5613 | D:6      | Found a shimmering altar of Xom.
  5613 | D:6      | Found a burning altar of Makhleb.
  5695 | D:7      | Found a basalt altar of Yredelemnul.
  5749 | D:7      | Found a flagged portal.
  5776 | Bailey   | Entered a bailey
  5789 | Bailey   | Noticed an orc knight
  5789 | Bailey   | Noticed an orc knight
  5823 | Bailey   | Noticed an orc knight
  6009 | Bailey   | Killed an orc knight
  6009 | Bailey   | Reached skill level 10 in Polearms
  6280 | Bailey   | Killed an orc knight
  6280 | Bailey   | Reached skill level 11 in Polearms
  6450 | Bailey   | Killed an orc knight
  6450 | Bailey   | Reached XP level 10. HP: 14/91 MP: 7/9
  7059 | D:7      | Found an iron altar of Okawaru.
  7059 | D:7      | Found a bloodstained altar of Trog.
  7182 | D:7      | Found a staircase to the Ecumenical Temple.
  7475 | D:7      | Noticed Joseph
  7493 | D:7      | Killed Joseph
  7493 | D:7      | Reached skill level 1 in Throwing
  7871 | D:8      | Reached skill level 12 in Polearms
  8341 | D:9      | Found a snail-covered altar of Cheibriados.
  8454 | D:9      | Reached skill level 10 in Armour
  8639 | D:9      | Reached skill level 10 in Fighting
  8989 | D:10     | Entered Level 10 of the Dungeon
  9237 | D:10     | Gained mutation: You cannot be stealthy. [Ru sacrifice]
  9541 | D:10     | Reached skill level 13 in Polearms
  9616 | D:10     | Reached XP level 11. HP: 65/99 MP: 10/10
 11003 | D:11     | Noticed a hill giant
 11032 | D:11     | Killed a hill giant
 11584 | D:11     | Found a staircase to the Lair.
 11674 | D:11     | Noticed Grum
 11693 | D:10     | HP: 2/150 [wolf[Grum] (12)]
 11695 | D:10     | Slain by a wolf

Vault maps used:
D:1:      minmay_arrival_checkered_box, minivault_24
D:2:      first_bread
D:3:      nicolae_overflow_crystal_walls, uniq_natasha
D:4:      lemuel_round_altar, nicolae_gozag_zags_fifth_avenue,
          lemuel_zombie_altar_kikubaaqudgha, due_unseen_surprise, uniq_duvessa
D:5:      nicolae_ru_great_annihilating_truth, basic_altar, uniq_eustachio,
          uniq_edmund
D:6:      grunt_temple_overflow_champion_of_chaos, minitemple
D:7:      grunt_temple_overflow_bloody_war, minmay_temple_entry_large_hall,
          enter_bailey_3, basic_altar, uniq_joseph
D:9:      cheibrodos_worm_habitat
D:11:     basic_altar, uniq_grum
Bailey:   bailey_axe_4, bailey

Action                   |  1- 3 |  4- 6 |  7- 9 | 10-12 || total
-------------------------+-------+-------+-------+-------++-------
Melee: Trident           |   126 |   101 |   415 |   478 ||  1120
       Halberd           |       |    55 |    25 |       ||    80
Throw: Tomahawk          |       |       |    43 |    17 ||    60
       Stone             |       |       |     8 |       ||     8
Invok: Sacrifice Stealth |       |       |       |     1 ||     1
 Abil: Evoke Flight      |       |       |     4 |     3 ||     7
Evoke: Wand              |       |       |       |     1 ||     1
  Use: Scroll            |       |     6 |     2 |     1 ||     9
       Potion            |       |       |       |     1 ||     1
 Stab: Invisible         |       |       |     1 |       ||     1
       Paralysed         |       |       |       |     5 ||     5
  Eat: Chunk             |     1 |     5 |    12 |    16 ||    34
       Fruit             |       |       |     1 |     2 ||     3
